 Dungeon Crawl Stone Soup version 0.28.0 (webtiles) character file.

Game seed: 16589159722238365186

4347 AmazingTV the Shield-Bearer (level 10, -8/86 HPs)
             Began as a Minotaur Fighter on July 7, 2022.
             Was a Follower of Okawaru.
             Mangled by a two-headed ogre (17 damage)
             ... on level 7 of the Dungeon.
             The game lasted 00:20:20 (8497 turns).

AmazingTV the Shield-Bearer (Minotaur Fighter)      Turns: 8497, Time: 00:20:20

Health: -8/86      AC: 14    Str: 26    XL:     10   Next: 12%
Magic:  10/12      EV: 17    Int:  5    God:    Okawaru [*.....]
Gold:   284        SH:  7    Dex: 15    Spells: 9/9 levels left

rFire   . . .      SeeInvis .   a - +1 flail (protect) {mace}
rCold   . . .      Faith    .   c - +0 buckler
rNeg    . . .      Spirit   .   y - +1 leather armour {Will+}
rPois   .          Reflect  .   (helmet restricted)
rElec   .          Harm     .   (no cloak)
rCorr   .          Rampage  .   (no gloves)
Will    +....                   v - +0 pair of boots
Stlth   +++.......              P - amulet of regeneration
HPRegen 1.04/turn               i - +4 ring of evasion
MPRegen 0.13/turn               x - +6 ring of dexterity

@: mighty, heroic, under a protective aura
A: horns 2, retaliatory headbutt
a: Renounce Religion, Heroism


You were on level 7 of the Dungeon.
You worshipped Okawaru.
Okawaru was aware of your devotion.
You visited 2 branches of the dungeon, and saw 9 of its levels.

You collected 284 gold pieces.


Innate Abilities, Weirdness & Mutations

You have a pair of horns on your head.
You reflexively headbutt those who attack you in melee.


   Skills:
 + Level 7.6(12.6) Fighting
 + Level 6.4(12.9) Axes
 + Level 7.0(13.2) Maces & Flails
 + Level 5.4(10.4) Throwing
 + Level 7.6(12.6) Armour
 + Level 7.7(12.7) Shields
 + Level 5.3 Invocations


You had 9 spell levels left.
You didn't know any spells.
Your spell library contained the following spells:

 Spells                   Type           Power      Damage    Failure   Level
 Ensorcelled Hibernation  Hex/Ice        0%         N/A       71%         2
 Spider Form              Tmut/Pois      0%         N/A       90%         3
 Anguish                  Hex/Necr       0%         N/A       100%        4

Inventory:

Hand Weapons
 a - a +1 flail of protection (weapon) {mace}
   (You took it off an orc on level 3 of the Dungeon)
 u - a +0 flail {mace}
 C - a +0 mace {mace}
   (You took it off an orc priest on level 4 of the Dungeon)
 L - a +3 hand axe {axe}
   (You took it off a wight on level 6 of the Dungeon)
 M - the +4 dagger "Morg" {pain, Will+ Int+5, short}
   (You found it on level 6 of the Dungeon)

   In the hands of one skilled in necromantic magic, it inflicts extra damage on
   living creatures.
   Int:       It affects your intelligence (+5).
   Will:      It increases your willpower.
Missiles
 e - 238 stones
 g - 5 poisoned darts (quivered)
 n - 59 bolts
 A - 33 sling bullets
 G - 70 arrows
Armour
 b - a +0 scale mail
 c - a +0 buckler (worn)
 v - a +0 pair of boots (worn)
   (You found it on level 4 of the Dungeon)
 y - a +1 leather armour of willpower (worn)
   (You took it off an orc on level 4 of the Dungeon)
Jewellery
 i - a +4 ring of evasion (left hand)
   (You found it on level 1 of the Dungeon)
 l - a ring of protection from cold
   (You found it on level 1 of the Dungeon)
 x - a +6 ring of dexterity (right hand)
   (You found it on level 4 of the Dungeon)
 O - a ring of positive energy
   (You found it on level 6 of the Dungeon)
 P - an amulet of regeneration (around neck)
   (You found it on level 7 of the Dungeon)
 Q - a ring of positive energy
   (You found it on level 7 of the Dungeon)
Wands
 E - a wand of acid (5)
   (You took it off Ijyb on level 5 of the Dungeon)
 H - a wand of paralysis (19)
   (You found it on level 5 of the Dungeon)
 K - a wand of flame (29)
   (You took it off Eustachio on level 6 of the Dungeon)
Scrolls
 f - 10 scrolls of identify {unknown}
 h - 2 scrolls of enchant armour {unknown}
 m - a scroll of noise {unknown}
 o - a scroll of holy word {unknown}
 r - 2 scrolls of fear {unknown}
 s - a scroll of enchant weapon {unknown}
 z - 2 scrolls of silence {unknown}
 D - 2 scrolls of magic mapping {unknown}
 I - a scroll of amnesia {unknown}
 N - a scroll of teleportation {unknown}
 R - 2 scrolls of fog {unknown}
Potions
 j - 3 potions of curing {unknown}
 k - 2 potions of flight {unknown}
 p - 4 potions of mutation {unknown}
 q - 3 potions of heal wounds {@q2}
 t - 2 potions of magic {unknown}
 w - a potion of haste {unknown}
 B - a potion of degeneration {unknown}
 F - a potion of invisibility {unknown}
 J - a potion of resistance {unknown}

Dungeon Overview and Level Annotations

Branches:
Dungeon (8/15)             Temple (1/1) D:7
   Lair: D:8-11

Altars:
Ashenzari
Cheibriados
Dithmenos
Elyvilon
Fedhas
Gozag
Hepliaklqana
Kikubaaqudgha
Nemelex Xobeh
Okawaru
Qazlal
Ru
Sif Muna
Trog
Uskayaw
Vehumet
Wu Jian
Xom
Yredelemnul
Zin
The Shining One

Shops:
D:2 [   D:3 [

Portals:
Abyss: D:3

Annotations:
D:3 2 transporters, Moochin's ghost, amateur OgBe
D:8 Pikel

######## #....####.### #.#
#......# ###...###..### #.#
##.####.# #........#...# #.###
#.......# #.#####.###..####.##.
<....##.# #.# #.## ##†.....##.
#..#.##.### #.# ##.###>.#######.
#..#......###.# #..#...# #.
#.)...........#####......# #.
#.####..#.##..)O@......### #.
#.......#.##.#######...# ######.
######.#.....# #...# #......
.....#..#.#..### #...# #......
.....#.#.......#####...####.##.##
.......[....>#.[............##...
.........##....................#.
......##....##..............##...
.....#.#....##[#####...####......


You could see a two-headed ogre.


Message History

You throw a poisoned dart.
The poisoned dart hits the two-headed ogre.
The two-headed ogre is poisoned.
You throw a poisoned dart.
The poisoned dart hits the two-headed ogre.
The two-headed ogre looks even sicker.
The centaur shouts!
The centaur shoots an arrow.
The arrow hits you. 😕 HP[-5]
You take 5 damage, and now have 81/86 hp. 😕 HP[+2]
You regained 2 hp, and now have 83/86 hp. 😕 HP[+1]
The two-headed ogre hits you with a +0 giant spiked club!!
The two-headed ogre hits you with a +0 giant club! 😮 HP[-37]
You take 37 damage, and now have 47/86 hp.
MASSIVE DAMAGE!! (PAUSE)
A wight comes into view. It is wielding a +0 war axe.
The centaur shoots an arrow.
The arrow barely misses you.
The centaur shoots an arrow.
The arrow closely misses you. 😮 HP[+1] 😮 HP[+1]
A wight comes into view. It is wielding a +0 great sword.
A wight comes into view.
It is wielding a +0 falchion. 😮 HP[+1] 😮 HP[+1]
You hit the two-headed ogre.
Your weapon exudes an aura of protection.
Your headbutt misses the two-headed ogre.
A wight comes into view. It is wielding a +3 halberd.
You block the two-headed ogre's attack. x2 😮 HP[+1] 😮 HP[+1]
The two-headed ogre looks more healthy. 😮 HP[+1] 😮 HP[+1] 😮 HP[+1]
You block the wight's attack. 😮 HP[+1] 😮 HP[+1] 😮 HP[+1]
The centaur shoots an arrow.
The arrow misses you.
You see here a +0 plate armour. 😮 HP[+1] 😮 HP[+1]
The centaur shoots an arrow.
The arrow misses you. 😮 HP[+1] 😮 HP[+1] 😮 HP[+1] 😕 HP[+1] 😕 HP[+1]
There is a stone staircase leading up here. 😕 HP[+1]
You block the two-headed ogre's attack.
The two-headed ogre hits you with a +0 giant club!
You climb upwards.
There is a stone staircase leading down, spattered with blood here.
Things that are here:
a +0 leather armour; a +0 short sword {short} 😮 HP[-8]
You take 8 damage, and now have 59/86 hp. 😮 HP[+1] 😮 HP[+1] 😮 HP[+1] 😮 HP[+1] 😮 HP[+1]
You see here a +0 hand axe {axe}. 😕 HP[+1] 😕 HP[+1] 😕 HP[+1]
You gain the combat prowess of a mighty hero.
The two-headed ogre hits you with a +0 giant spiked club!
The two-headed ogre hits you with a +0 giant club! 😮 HP[-18] MP[-2]
You take 18 damage, and now have 49/86 hp.
MASSIVE DAMAGE!! (PAUSE)
You lost 2 mp, and now have 10/12 mp.
You thump the two-headed ogre!
Your weapon exudes an aura of protection. 😮 HP[+1]
You barely miss the two-headed ogre. The two-headed ogre closely misses you.
The two-headed ogre hits you with a +0 giant club!!
* * * LOW HITPOINT WARNING * * *
😨 HP[-23]
You take 23 damage, and now have 27/86 hp.
MASSIVE DAMAGE!! (PAUSE)
You closely miss the two-headed ogre. 😨 HP[+1]
You sock the two-headed ogre!
The two-headed ogre hits you with a +0 giant spiked club!
* * * LOW HITPOINT WARNING * * *
The two-headed ogre hits you with a +0 giant club!
* * * LOW HITPOINT WARNING * * *
😱 HP[-20]
You take 20 damage, and now have 8/86 hp.
MASSIVE DAMAGE!! (PAUSE)
You feel very mighty all of a sudden.
The two-headed ogre hits you with a +0 giant spiked club!
You die...

Skill      XL: |  1  2  3  4  5  6  7  8  9 10 |
---------------+-------------------------------+-----
Axes           | 1 2 3 5 6 |  6.4
Shields        | 4 5 6 7 |  7.7
Invocations    | 1 2 3 4 5 |  5.3
Fighting       | 4 5 6 7 |  7.6
Maces & Flails | 3 4 5 6 7 |  7.0
Throwing       | 1 2 3 4 5 |  5.4
Armour         | 4 5 6 7 |  7.6

Action                   |  1- 3 |  4- 6 |  7- 9 | 10-12 || total
-------------------------+-------+-------+-------+-------++-------
Melee: Flail             |    42 |   115 |   332 |    36 ||   525
       Headbutt          |     6 |    10 |    60 |     7 ||    83
Throw: Dart              |       |     6 |    25 |     4 ||    35
Invok: Heroism           |       |       |       |     1 ||     1
  Use: Potion            |       |       |       |     1 ||     1
Armor: Scale mail        |    12 |    35 |    26 |       ||    73
       Leather armour    |       |       |   100 |    11 ||   111
Dodge: Dodged            |    28 |    90 |   169 |    33 ||   320
Block: Buckler           |    12 |    26 |   107 |    22 ||   167

Levels and vault maps discovered:
D:1:      scummos_arrival_forest, layout_loops_ring,
          chequers_ecumenical_altar_lobes
D:2:      layout_basic, basic_altar, serial_shops, shop, uniq_natasha
D:3:      layout_basic, serial_shops, shop_statue,
          gammafunk_ghost_abyssal_escape, uniq_sigmund
D:4:      layout_loops_ring, gammafunk_ghost_necromancy, uniq_menkaure
D:5:      layout_loops_ring, kennysheep_generic_room_16, uniq_ijyb
D:6:      layout_loops_ring, uniq_eustachio
D:7:      layout_loops_cross, amethyst_overflow_temple_binary,
          minmay_temple_entry_statues_pillars, uniq_duvessa
D:8:      layout_rooms, makhleb_grotto_becter, uniq_pikel, uniq_grum
Temple:   mainiacjoe_temple_bowtie_tessellation

Notes
Turn   | Place    | Note
-------+----------+-------------------------------------------
     0 | D:1      | AmazingTV the Minotaur Fighter began the quest for the Orb.
     0 | D:1      | Reached XP level 1. HP: 19/19 MP: 0/0
     0 | D:1      | magus.rc [v1.9.6]
   290 | D:1      | You pick up a book of Dreams and begin reading...
   290 | D:1      | You add the spells Ensorcelled Hibernation, Spider Form and
                  | Anguish to your library.
   458 | D:1      | Found a faded altar of an unknown god.
   718 | D:2      | Found a hide-covered altar of Uskayaw.
   727 | D:2      | Found Jeohiof's Armour Shoppe.
   762 | D:2      | Reached XP level 2. HP: 27/27 MP: 1/1
  1058 | D:2      | Noticed Natasha
  1063 | D:2      | Killed Natasha
  1064 | D:2      | Reached skill level 1 in Axes
  1064 | D:2      | Reached skill level 4 in Shields
  1064 | D:2      | Reached skill level 1 in Invocations
  1064 | D:2      | Reached XP level 3. HP: 33/33 MP: 2/2
  1099 | D:2      | Noticed Natasha
  1102 | D:2      | Killed Natasha
  1103 | D:2      | Reached skill level 4 in Fighting
  1103 | D:2      | Reached skill level 3 in Maces & Flails
  1103 | D:2      | Reached skill level 1 in Throwing
  1103 | D:2      | Reached skill level 4 in Armour
  1103 | D:2      | Reached XP level 4. HP: 29/40 MP: 3/3
  1635 | D:2      | Noticed Natasha
  1640 | D:2      | Killed Natasha
  1641 | D:2      | Reached XP level 5. HP: 37/46 MP: 5/5
  1749 | D:3      | Noticed a small abomination
  1755 | D:3      | Found a transporter.
  1756 | D:3      | Noticed Moochin's ghost (amateur OgBe)
  1757 | D:3      | Found a transporter.
  1774 | D:3      | Found a one-way gate to the infinite horrors of the Abyss.
  1940 | D:3      | Noticed a toenail golem
  1993 | D:3      | Found Huech's Antique Armour Shop.
  2017 | D:3      | Noticed Sigmund
  2048 | D:3      | Killed Sigmund
  2049 | D:3      | Reached skill level 2 in Axes
  2049 | D:3      | Reached skill level 2 in Throwing
  2049 | D:3      | Reached skill level 2 in Invocations
  2049 | D:3      | Reached XP level 6. HP: 27/53 MP: 6/6
  2979 | D:4      | Noticed Menkaure
  2983 | D:4      | Killed Menkaure
  2984 | D:4      | Reached skill level 4 in Maces & Flails
  2984 | D:4      | Reached skill level 5 in Armour
  2984 | D:4      | Reached skill level 5 in Shields
  3000 | D:4      | Reached XP level 7. HP: 60/60 MP: 7/7
  3054 | D:4      | Reached skill level 5 in Fighting
  3054 | D:4      | Reached skill level 3 in Axes
  3563 | D:4      | Found a runed translucent gate.
  3563 | D:4      | Found a runed translucent gate.
  3566 | D:4      | Found a runed translucent gate.
  3570 | D:4      | Noticed Jonnyslop's ghost (amateur GrGl)
  3662 | D:4      | Reached skill level 3 in Throwing
  4153 | D:4      | Killed Jonnyslop's ghost
  4154 | D:4      | Reached skill level 3 in Invocations
  4334 | D:5      | Entered Level 5 of the Dungeon
  4334 | D:5      | Noticed Ijyb
  4345 | D:5      | Killed Ijyb
  4346 | D:5      | Reached XP level 8. HP: 50/69 MP: 9/9
  4746 | D:5      | Reached skill level 4 in Axes
  4804 | D:5      | Reached skill level 5 in Maces & Flails
  4985 | D:5      | Reached skill level 6 in Shields
  5484 | D:5      | Reached skill level 6 in Armour
  5505 | D:5      | Reached skill level 6 in Fighting
  5864 | D:5      | Reached skill level 4 in Throwing
  6090 | D:6      | Reached skill level 4 in Invocations
  6149 | D:6      | Reached skill level 5 in Axes
  6149 | D:6      | Reached XP level 9. HP: 78/78 MP: 11/11
  6181 | D:6      | Noticed Eustachio
  6201 | D:6      | Killed Eustachio
  6341 | D:6      | Reached skill level 6 in Maces & Flails
  6535 | D:6      | Reached skill level 7 in Shields
  6652 | D:6      | Found the +4 dagger "Morg" {pain, Will+ Int+5}
  6952 | D:7      | Noticed Duvessa
  6953 | D:7      | Noticed Dowan
  6964 | D:7      | Killed Duvessa
  6965 | D:7      | Reached skill level 7 in Armour
  6975 | D:7      | Killed Dowan
  7027 | D:7      | Reached skill level 7 in Fighting
  7450 | D:7      | Found a staircase to the Ecumenical Temple.
  7456 | Temple   | Entered the Ecumenical Temple
  7702 | Temple   | Became a worshipper of Warmaster Okawaru
  7760 | D:7      | Reached skill level 5 in Throwing
  7942 | D:7      | Found a snail-covered altar of Cheibriados.
  7950 | D:7      | Found a basalt altar of Yredelemnul.
  8031 | D:7      | Reached skill level 6 in Axes
  8081 | D:8      | Noticed a two-headed ogre
  8102 | D:8      | HP: 13/79 [centaur/arrow (9)]
  8180 | D:8      | Noticed a centaur warrior
  8187 | D:8      | Noticed Pikel
  8190 | D:8      | Killed a centaur warrior
  8190 | D:8      | Reached * piety under Okawaru
  8191 | D:8      | Reached skill level 5 in Invocations
  8191 | D:8      | Reached XP level 10. HP: 46/86 MP: 12/12
  8434 | D:8      | Noticed Grum
  8444 | D:8      | Reached skill level 7 in Maces & Flails
  8448 | D:8      | Killed Grum
  8496 | D:7      | HP: 21/86 [two-headed ogre (8)]
  8496 | D:7      | HP: 8/86 [two-headed ogre (13)]
  8497 | D:7      | Mangled by a two-headed ogre

Vanquished Creatures
  A centaur warrior (D:8)
  Sigmund (D:3)
  Grum (D:8)
  Eustachio (D:6)
  Menkaure (D:4)
  The ghost of Jonnyslop the Poker, an amateur GrGl (D:4)
  Duvessa (D:7)
  A water moccasin (D:6)
  An orc warrior (D:7)
  A sky beast (D:6)
  An ice beast (D:6)
  2 ogres
  2 wolves (D:8)
  2 centaurs
  A phantom (D:4)
  A bullfrog (D:7)
  A kobold brigand (D:6)
  3 water moccasin zombies
  A wyvern skeleton (D:7)
  2 scorpions
  Dowan (D:7)
  5 killer bees
  6 wights
  A howler monkey (D:6)
  3 centaur zombies
  A hound (D:5)
  A jelly (D:5)
  2 centaur skeletons (D:7)
  6 orc priests
  2 iguanas (D:5)
  8 orc wizards
  Ijyb (D:5)
  Natasha (thrice) (D:2)
  A howler monkey zombie (D:4)
  3 gnolls (D:4)
  2 howler monkey skeletons
  11 adders
  An adder skeleton (D:5)
  2 worms (D:2)
  33 orcs
  8 endoplasms
  2 giant cockroaches
  2 hobgoblins
  4 jackals (D:4)
  11 kobolds
  2 quokkas
  9 ball pythons
  6 bats
  3 frilled lizards
  2 goblins
  3 rats
171 creatures vanquished.

Table legend:
 A = Non-vault XP
 B = Vault XP
 C = Vault XP percentage of total XP
 D = Non-vault monster count
 E = Vault monster count
 F = Vault count percentage of total count
                 A         B        C        D         E       F
            +---------+---------+-------+---------+---------+-------
      Total |    4492 |    1718 |  27.7 |     155 |      16 |   9.4
            +---------+---------+-------+---------+---------+-------
        D:1 |       8 |       0 |   0.0 |       5 |       0 |   0.0
        D:2 |     158 |      35 |  18.1 |      24 |       1 |   4.0
        D:3 |      42 |     227 |  84.4 |      19 |       1 |   5.0
        D:4 |     586 |     361 |  38.1 |      40 |       4 |   9.1
        D:5 |     783 |     250 |  24.2 |      29 |       4 |  12.1
        D:6 |    1194 |     188 |  13.6 |      20 |       1 |   4.8
        D:7 |     864 |     223 |  20.5 |      17 |       2 |  10.5
        D:8 |     857 |     434 |  33.6 |       1 |       3 |  75.0
            +---------+---------+-------+---------+---------+-------

Illustrated notes

Table legend:
 A = Kills in this place as a percentage of kills in entire the game.
 B = Kills by you in this place as a percentage of kills by you in the entire game.
 C = Kills by friends in this place as a percentage of kills by friends in the entire game.
 D = Other kills in this place as a percentage of other kills in the entire game.
 E = Experience gained in this place as a percentage of experience gained in the entire game.
 F = Experience gained in this place divided by the number of levels of this place that you have seen.
                   A       B       C       D       E      F
               +-------+-------+-------+-------+-------+----------------------
         Total | 100.0 | 100.0 |   N/A |   N/A | 100.0 | 690.0
       Dungeon | 100.0 | 100.0 |   N/A |   N/A | 100.0 | 776.2
               +-------+-------+-------+-------+-------+----------------------

Table legend: (Time is in decaauts)
 A = Elapsed time spent in this place.
 B = Non-inter-level travel time spent in this place.
 C = Inter-level travel time spent in this place.
 D = Time resting spent in this place.
 E = Time spent auto-exploring this place.
 F = Levels seen in this place.
 G = Mean time per level.
                   A        B        C        D        E       F      G
               +--------+--------+--------+--------+--------+-----+--------+
         Total |   8593 |   8044 |    549 |   1574 |   5095 |   9 |  954.8 |
       Dungeon |   8338 |   7810 |    528 |   1574 |   4877 |   8 | 1042.2 |
        Temple |    255 |    234 |     21 |      0 |    218 |   1 |  255.0 |
               +--------+--------+--------+--------+--------+-----+--------+

Top non-repeatable levels by time:
     D:4: 1870 daAuts
     D:5: 1514 daAuts
     D:7: 1223 daAuts
     D:3: 1096 daAuts
     D:2: 1000 daAuts
     D:6: 836 daAuts
     D:1: 683 daAuts
  Temple: 255 daAuts
     D:8: 114 daAuts
